[Event "Early-Titled-Tuesday-Blitz-December-26-2023"]
[Site "Chess.com"]
[Date "2023.12.26"]
[Round "2"]
[White "karinachess1"]
[Black "KVAIDAN"]
[Result "0-1"]
[WhiteElo "2575"]
[BlackElo "2356"]
[TimeControl "180+1"]
[EndTime "8:16:15 PST"]
[Termination "KVAIDAN won by checkmate"]

1. d4 e6 2. c4 f5 3. Nc3 Nf6 4.
g3 Be7 5. Bg2 O-O 6. Nf3 d6 7. O-O a6 8. Re1 Ne4 9. Qc2 Nxc3 10. Qxc3 Nc6 11. a3 e5 12. dxe5 dxe5 13. e4 fxe4 14. Nd2 e3 15. Qxe3 Nd4 16. Be4 Bg5 17.
Qd3 Qf6 18. Bxh7+ Kh8 19. Ne4 Nf3+ 20. Kh1 Qh6 21. Qxf3 Rxf3 22. Nxg5 Qh5 23. Nxf3 Qxf3+ 24. Kg1 Kxh7 25. Re3 Qd1+ 26. Kg2 Bd7 27. b3 Bc6+ 28. Kh3 Qh5# 0-1

[Event "Early-Titled-Tuesday-Blitz-December-26-2023"]
[Site "Chess.com"]
[Date "2023.12.26"]
[Round "2"]
[White "missponyo10"]
[Black "ploxoi"]
[Result "0-1"]
[WhiteElo "2228"]
[BlackElo "2512"]
[TimeControl "180+1"]
[EndTime "8:16:16 PST"]
[Termination "ploxoi won by checkmate"]

1. e4 c5 2. Nf3 e6 3. d3 Nc6 4. Nbd2 d5 5. g3 Nf6 6. Bg2 g6 7. O-O Bg7 8. Re1 O-O 9. c3 a5 10. Qc2 h6 11. Nf1 b6 12. exd5 Nxd5 13. Ne3 Nf6 14. Ne5 Nxe5 15. Bxa8 Ba6 16. Be4 Nxe4 17.
dxe4 Nf3+ 18. Kh1 Bd3 19. Qd1 Bxe4 20. Ng2 Nxe1 21. Qxe1 Qd5 22. Qg1 Rd8 23. Be3 h5 24.
h4 Bf6 25. Kh2 Bxg2 26. Qxg2 Kg7 27. f3 Qe5 28. Bf4 Qf5 29. Qe2 Qd3 30. Re1 b5 31.
Qf2 Rd5 32. Kg2 Qf5 33. Re2 Bxh4 34. Rd2 Bf6 35. Qe3 Rxd2+ 36. Qxd2 Qd5 37. Qe2 b4 38.
cxb4 axb4 39. b3 Qf5 40. Qe3 Bd4 41. Qd2 f6 42. Qe2 g5 43. Bc1 h4 44. g4 Qb1 45.
Qxe6 Qxa2+ 46. Kh3 Qa7 47. Qf5 Qf7 48. Qd3 Qe6 49. Bd2 Qe5 50. Kg2 Qg3+ 51. Kf1 Qf2# 0-1

[Event "Early-Titled-Tuesday-Blitz-December-26-2023"]
[Site "Chess.com"]
[Date "2023.12.26"]
[Round "2"]
[White "RamyresCoelho"]
[Black "whitemirrorninja"]
[Result "0-1"]
[WhiteElo "2289"]
[BlackElo "2545"]
[TimeControl "180+1"]
[EndTime "8:16:17 PST"]
[Termination "whitemirrorninja won on time"]

1. e4 e5 2. Nf3 Nf6 3. d4 Nxe4 4.
dxe5 d5 5. Bd3 Nc5 6. Nc3 Be7 7. h3 O-O 8. O-O Nxd3 9. Qxd3 Be6 10. Nd4 c5 11. Nxe6 fxe6 12. f4 Nc6 13. Bd2 c4 14. Qe2 Qb6+ 15. Kh1 Qxb2 16. Rab1 Qxc2 17. Rxb7 d4 18. Qxc4 dxc3 19. Qxc6 Qd3 20. Rf3 Qxd2 21. Qxe6+ Kh8 22. Qxe7 Rg8 23. Rd7 c2 24. Rxd2 c1=Q+ 25. Kh2 Qxd2 26. f5 Rae8 27. Qh4 Rxe5 28. Rf4 Qd6 29. f6 Rf5 0-1

[Event "Early-Titled-Tuesday-Blitz-December-26-2023"]
[Site "Chess.com"]
[Date "2023.12.26"]
[Round "2"]
[White "MIss_MIaMI"]
[Black "Klavdia_Nik"]
[Result "1-0"]
[WhiteElo "2436"]
[BlackElo "1986"]
[TimeControl "180+1"]
[EndTime "8:16:17 PST"]
[Termination "MIss_MIaMI won on time"]

1. e4 e6 2. d4 d5 3. exd5 exd5 4. Qf3 Nf6 5. h3 Bb4+ 6. c3 Be7 7. Bd3 c5 8. Ne2 c4 9. Bc2 Nc6 10. g4 O-O 11. Bf4 Be6 12. Nd2 b5 13. g5 Nd7 14.
h4 Nb6 15. Rg1 b4 16. h5 a5 17. Qg3 f5 18. gxf6 Bxf6 19. Bc7 Qe8 20. Bxb6 Qxh5 21. Nf4 Qf7 22. Kf1 1-0

[Event "Early-Titled-Tuesday-Blitz-December-26-2023"]
[Site "Chess.com"]
[Date "2023.12.26"]
[Round "2"]
[White "JAN2404"]
[Black "secrethawk1"]
[Result "0-1"]
[WhiteElo "1944"]
[BlackElo "2434"]
[TimeControl "180+1"]
[EndTime "8:16:18 PST"]
[Termination "secrethawk1 won by resignation"]

1. e4 c5 2. Nf3 e6 3. Nc3 Nc6 4. d4 cxd4 5. Nxd4 a6 6. Be3 Qc7 7. Qd2 Nf6 8. f3 Bb4 9. a3 Be7 10. g3 O-O 11. f4 d6 12. Be2 b5 13. h4 Bb7 14. Bf3 Rac8 15. h5 Na5 16. g4 Nc4 17. Qd3 Nxb2 18. Qe2 Qxc3+ 19. Kf1 Bxe4 20. h6 g6 21. f5 Bxc2 22. Rc1 Nc4 23. Bf2 Nd2+ 24. Kg2 Nxf3 25. Rxc2 Nxd4 26. fxe6 Nxe2 27. exf7+ Rxf7 0-1

[Event "Early-Titled-Tuesday-Blitz-December-26-2023"]
[Site "Chess.com"]
[Date "2023.12.26"]
[Round "2"]
[White "zubridis"]
[Black "Drags95"]
[Result "0-1"]
[WhiteElo "2559"]
[BlackElo "2795"]
[TimeControl "180+1"]
[EndTime "8:16:19 PST"]
[Termination "Drags95 won on time"]

1. Nf3 d5 2. d4 Nf6 3. Bf4 c5 4. e3 Nc6 5. Nbd2 Qb6 6. Rb1 cxd4 7. exd4 Nxd4 8. Nxd4 Qxd4 9. Bb5+ Bd7 10. Be3 Qb4 11.
Bxd7+ Nxd7 12. O-O e6 13. c4 dxc4 14. b3 c3 15. Nc4 Rc8 16. a3 Qb5 17. Rc1 Be7 18.
Rxc3 O-O 19. Bd4 Nf6 20. Bxa7 Rfd8 21. Qf3 Qa6 22. Bb6 Rd5 23. Be3 b5 0-1

[Event "Early-Titled-Tuesday-Blitz-December-26-2023"]
[Site "Chess.com"]
[Date "2023.12.26"]
[Round "2"]
[White "frederiksvane"]
[Black "Lion-Al-Messi"]
[Result "1-0"]
[WhiteElo "2944"]
[BlackElo "2622"]
[TimeControl "180+1"]
[EndTime "8:16:21 PST"]
[Termination "frederiksvane won on time"]

1. e4 e6 2. d4 d5 3. e5 c5 4. c3 Nc6 5. Nf3 Qb6 6. Bd3 cxd4 7. O-O Bd7 8. Re1 Nge7 9. h4 Rc8 10. Nbd2 Nf5 11. h5 Bc5 12. Nb3 dxc3 13. Nxc5 cxb2 14. Bxb2 Qxc5 15. Bxf5 exf5 16. e6 Bxe6 17. h6 Rg8 18.
hxg7 Qb4 19. Qxd5 Qxb2 20. Rxe6+ fxe6 21. Qxe6+ Ne7 22. Re1 Qxg7 23. Qxc8+ Kf7 24. Ne5+ Kf6 25. Qxb7 Ng6 26. Qc6+ Kg5 27. Nf3+ Kh5 28. g3 Rd8 29. Qe6 Qd7 30. Qf6 h6 31. Kg2 Nf4+ 32. Kh2 Ng6 33. Rh1 Kg4 34. Kg2 1-0

[Event "Early-Titled-Tuesday-Blitz-December-26-2023"]
[Site "Chess.com"]
[Date "2023.12.26"]
[Round "2"]
[White "Navyblue1"]
[Black "artin10862"]
[Result "0-1"]
[WhiteElo "2161"]
[BlackElo "2922"]
[TimeControl "180+1"]
[EndTime "8:16:24 PST"]
[Termination "artin10862 won on time"]

1. d4 d5 2. c4 dxc4 3. e4 Nf6 4. e5 Nd5 5. Bxc4 Nb6 6. Bb3 Nc6 7. Be3 Bf5 8. Nc3 e6 9. Nge2 Be7 10. O-O Na5 11. Bc2 Bxc2 12. Qxc2 O-O 13. Rad1 Qd7 14. f4 Rfd8 15. f5 exf5 16. Qxf5 Qxf5 17. Rxf5 Nd5 18. Nxd5 Rxd5 19. Nc3 Rd7 20. Rdf1 Nc4 21. Bc1 Bb4 22.
R5f4 Rad8 23. h3 Nb6 24. a3 Bf8 25. Ne2 c5 26. Be3 Nc4 27. Bf2 Nxb2 28. dxc5 Nd3 29. Rf3 Nxe5 30. Rc3 Nd3 31. Be3 Re8 32. Rf3 Ne5 33.
Rg3 Nc6 34. Nf4 f6 35. Nh5 Kf7 36. Rf3 Be7 37. Ng3 Bd8 38. Nf5 Bc7 0-1

[Event "Early-Titled-Tuesday-Blitz-December-26-2023"]
[Site "Chess.com"]
[Date "2023.12.26"]
[Round "2"]
[White "Pakarma"]
[Black "Alenzer"]
[Result "1-0"]
[WhiteElo "2463"]
[BlackElo "2070"]
[TimeControl "180+1"]
[EndTime "8:16:24 PST"]
[Termination "Pakarma won by resignation"]

1. e4 c5 2. Nf3 e6 3. d4 cxd4 4. Nxd4 Nf6 5. Bd3 Nc6 6. Nxc6 dxc6 7. O-O Be7 8. e5 Nd5 9. a3 a5 10. Nd2 Qc7 11. Re1 b6 12. Qg4 g6 13. Nf3 Ba6 14. Bxa6 Rxa6 15. c4 Nf6 16. exf6 Bxf6 17. Bf4 Qe7 18.
Rad1 Bxb2 19. Bd6 Qf6 20. Qe4 b5 21. cxb5 cxb5 22. Qb7 Rxd6 23. Rxd6 O-O 24. Qxb5 Rc8 25. Red1 Bxa3 26. R6d3 Bb4 27. h4 h5 28. Ng5 Kg7 29.
Rf3 1-0

[Event "Early-Titled-Tuesday-Blitz-December-26-2023"]
[Site "Chess.com"]
[Date "2023.12.26"]
[Round "2"]
[White "GoltsevDmitry2000"]
[Black "chenrip"]
[Result "1-0"]
[WhiteElo "2702"]
[BlackElo "2356"]
[TimeControl "180+1"]
[EndTime "8:16:25 PST"]
[Termination "GoltsevDmitry2000 won by resignation"]

1. e4 e6 2. d4 d5 3. exd5 exd5 4. Nf3 Bd6 5. c4 dxc4 6. Bxc4 Nf6 7. Nc3 O-O 8. Bg5 Re8+ 9. Be3 Ng4 10. O-O Be6 11.
Bxe6 Rxe6 12. Qb3 Nd7 13. Qxb7 Rb8 14. Qd5 Ndf6 15. Qa5 Rxb2 16. Bg5 Bb4 17. Qf5 Bxc3 18. Qxg4 Nxg4 19. Bxd8 Ree2 20. Bh4 Rxa2 21. Rac1 Ba5 22.
Bg3 h6 23. h3 Nf6 24. Bxc7 Bxc7 25. Rxc7 Ne4 26. Ne5 Rxf2 27. Rxf2 Rxf2 28. Rxa7 Rd2 29. Nf3 Rd1+ 30. Kh2 g5 31. Re7 Nc3 32. Rc7 Nd5 33. Rc6 Kg7 34. Rd6 Nf4 35. Kg3 Rg1 36. Nxg1 1-0

[Event "Early-Titled-Tuesday-Blitz-December-26-2023"]
[Site "Chess.com"]
[Date "2023.12.26"]
[Round "2"]
[White "subham777"]
[Black "Nechitaylo_Nikita"]
[Result "1-0"]
[WhiteElo "2550"]
[BlackElo "2311"]
[TimeControl "180+1"]
[EndTime "8:16:28 PST"]
[Termination "subham777 won on time"]

1. e4 c5 2. Nf3 d6 3. d4 cxd4 4. Qxd4 Nc6 5. Bb5 Bd7 6. Bxc6 Bxc6 7. c4 Nf6 8. Nc3 g6 9. Bg5 Bg7 10. O-O O-O 11. Qd3 Nd7 12. Nd5 Nc5 13. Qe3 f6 14.
Bh6 Bxh6 15. Qxh6 e6 16. Ne3 Bxe4 17. Nd4 Qe7 18. Rfe1 Nd3 19. Re2 e5 20. Nb5 Nf4 21. Ree1 Qe6 22. Rad1 Rad8 23. Rd2 a6 24. Nc3 Bc6 25. g3 Nh3+ 26. Kf1 Ng5 27. Ned5 Nf3 28. Red1 Nxd2+ 29. Rxd2 b5 30. b3 Bxd5 31. Nxd5 bxc4 32. bxc4 Rc8 33. Qh4 Rb8 34. Kg2 Kg7 35. Ne3 Rbc8 36. Ng4 Rxc4 37. Qh6+ Kg8 38. Ne3 Rc7 39. Nd5 Rcf7 40. h4 Qc8 41. h5 Qa8 42. hxg6 Rg7 43. gxh7+ Rxh7 44. Qg6+ Rg7 45. Qe4 f5 46. Qc4 Rc8 47.
Qb3 Rc5 48. f3 Kh8 49. Nf6 Rb7 50. Qe3 Rg7 51. Qh6+ 1-0

[Event "Early-Titled-Tuesday-Blitz-December-26-2023"]
[Site "Chess.com"]
[Date "2023.12.26"]
[Round "2"]
[White "DTChess"]
[Black "Sina_Movahed"]
[Result "1-0"]
[WhiteElo "2672"]
[BlackElo "3015"]
[TimeControl "180+1"]
[EndTime "8:16:30 PST"]
[Termination "DTChess won on time"]

1. e4 c5 2. Nf3 d6 3. Nc3 Nf6 4. d4 cxd4 5. Nxd4 a6 6. Bc4 g6 7.
Bb3 Bg7 8. f3 h5 9. Be3 Nbd7 10.
Qd2 b5 11. a3 Bb7 12. O-O-O Rc8 13. h4 Ne5 14. Kb1 Nc4 15. Bxc4 Rxc4 16. Nde2 Qc8 17. Bd4 O-O 18. g4 e5 19. Be3 hxg4 20. h5 gxf3 21. h6 fxe2 22. Qxe2 Ng4 23. hxg7 Kxg7 24. Rdg1 Nxe3 25.
Qxe3 Rh8 26. Rxh8 Qxh8 27. Rf1 Qd8 28. Rh1 Kf6 29. Qh6 Ke7 30. Rf1 Qf8 31. Qh4+ Ke8 32. Qf6 Rc8 33. Rh1 Qe7 34. Qg7 Kd7 35. Rf1 f5 36.
Qxg6 f4 37. Rh1 Qe8 38. Rh7+ Kc6 39. Qg7 Ba8 40. Nd5 b4 41. a4 Kc5 42. Qg1+ 1-0

[Event "Early-Titled-Tuesday-Blitz-December-26-2023"]
[Site "Chess.com"]
[Date "2023.12.26"]
[Round "2"]
[White "kakarot_001"]
[Black "PolinaYanch"]
[Result "1-0"]
[WhiteElo "2669"]
[BlackElo "1716"]
[TimeControl "180+1"]
[EndTime "8:16:30 PST"]
[Termination "kakarot_001 won on time"]

1. g3 d5 2. Bg2 Nf6 3. Nf3 c6 4. O-O e6 5. d3 Bd6 6. Nbd2 O-O 7. e4 e5 8. exd5 cxd5 9. c4 Nc6 10. cxd5 Nxd5 11. Nc4 Bc7 12. a3 b5 13. Ne3 Nxe3 14. Bxe3 Bb7 15. Ng5 Qd7 16. Qh5 h6 17. Ne4 Qe7 18.
Bc5 Qd8 19. Bxf8 Qxf8 20. Rac1 Bb6 21. Nf6+ gxf6 22. Bxc6 Bxc6 23. Rxc6 Qg7 24. Qf3 Bd4 25. Rxf6 Rd8 26. Rc6 Bxb2 27. Qf5 Bd4 28. Rc8 Rxc8 29.
Qxc8+ Kh7 30. Qf5+ Qg6 31. Qd7 Qf6 32. Qxb5 Qf3 33.
Qd7 Kg7 34. a4 Kh7 35. a5 Kg7 36. a6 Kh7 37. Qb7 Qf6 38. Qe4+ Kg7 39. Kg2 Qb6 40.
Qg4+ Kh7 41. Qd7 1-0

[Event "Early-Titled-Tuesday-Blitz-December-26-2023"]
[Site "Chess.com"]
[Date "2023.12.26"]
[Round "2"]
[White "Barbix1"]
[Black "Journey_to_GrandMaster_YT"]
[Result "0-1"]
[WhiteElo "2283"]
[BlackElo "2538"]
[TimeControl "180+1"]
[EndTime "8:16:31 PST"]
[Termination "Journey_to_GrandMaster_YT won on time"]

1. e4 d6 2. d4 Nf6 3. Nc3 e5 4. Nf3 Nbd7 5. Be3 c6 6. h3 Be7 7. Qd2 O-O 8. a4 Qa5 9. Bc4 b5 10. Bd3 b4 11. Ne2 c5 12. dxe5 Nxe5 13. Nxe5 dxe5 14.
Bc4 Rd8 15. Qc1 Nxe4 16. O-O Ba6 17. Bxa6 Qxa6 18. Ng3 Nxg3 19. fxg3 Rd5 20. Qe1 Rad8 21. Qf2 Qe6 22. a5 a6 23. Qe2 Qg6 24. g4 Qe4 25. Rf3 Bg5 26. Re1 Bh4 27. Ref1 f6 28. Qxa6 Qxc2 29. Qe6+ Kh8 30. g5 Qg6 31. gxf6 Bxf6 32. h4 R5d6 0-1

[Event "Early-Titled-Tuesday-Blitz-December-26-2023"]
[Site "Chess.com"]
[Date "2023.12.26"]
[Round "2"]
[White "DeyanKostov"]
[Black "Blackwhite017"]
[Result "1-0"]
[WhiteElo "2471"]
[BlackElo "2084"]
[TimeControl "180+1"]
[EndTime "8:16:32 PST"]
[Termination "DeyanKostov won on time"]

1. d4 f5 2. Nf3 b6 3. c4 e6 4.
Nc3 Bb4 5. Bd2 Bb7 6. Nb1 Bxd2+ 7. Nbxd2 Nf6 8. e3 O-O 9. Be2 d6 10. O-O Nbd7 11. Rc1 Ne4 12. Nxe4 fxe4 13. Nd2 Qg5 14. g3 Rf6 15. Qc2 Qg6 16. b4 c5 17. bxc5 dxc5 18. Nb3 Qg5 19. Rcd1 cxd4 20. exd4 Raf8 21. Qd2 Qf5 22.
Qe3 Qh3 23. Nd2 Rf3 24. Qg5 e3 25. Nxf3 Rxf3 26. d5 exd5 27. Bxf3 1-0

[Event "Early-Titled-Tuesday-Blitz-December-26-2023"]
[Site "Chess.com"]
[Date "2023.12.26"]
[Round "2"]
[White "CSB7"]
[Black "UK_23"]
[Result "1/2-1/2"]
[WhiteElo "2690"]
[BlackElo "2335"]
[TimeControl "180+1"]
[EndTime "8:16:35 PST"]
[Termination "Game drawn by repetition"]

1. e4 e5 2. Nf3 Nf6 3. Nxe5 Nxe4 4. Qe2 Qe7 5. Qxe4 d6 6. d4 dxe5 7. dxe5 Nc6 8. Nc3 Qxe5 9. Qxe5+ Nxe5 10. Nb5 Bb4+ 11. Bd2 Bxd2+ 12. Kxd2 Kd8 13. Re1 Nd7 14. Kc1 Nb6 15. Bd3 Bd7 16. Nc3 Bc6 17. f3 h6 18.
Be4 Bxe4 19. Nxe4 Re8 20. Nc5 Rxe1+ 21. Rxe1 Rb8 22. a4 Nc4 23. Rd1+ Nd6 24. Ne4 Ke7 25. Nxd6 cxd6 26. Kd2 Rc8 27. Kd3 Rc5 28. Re1+ Kd7 29.
b4 Rg5 30. g3 a5 31. c3 h5 32. Re4 g6 33. Rd4 Kc6 34. f4 Rf5 35. Ke4 d5+ 36. Ke3 axb4 37. cxb4 Rf6 38. h3 Re6+ 39. Kd2 f6 40. g4 hxg4 41. hxg4 g5 42. fxg5 fxg5 43. Kc3 Re3+ 44. Rd3 Re4 45. Rd4 Re3+ 46. Rd3 Re4 47. Rd4 Re3+ 1/2-1/2

[Event "Early-Titled-Tuesday-Blitz-December-26-2023"]
[Site "Chess.com"]
[Date "2023.12.26"]
[Round "2"]
[White "aksuliini1"]
[Black "CFalcons8"]
[Result "0-1"]
[WhiteElo "2489"]
[BlackElo "2216"]
[TimeControl "180+1"]
[EndTime "8:16:35 PST"]
[Termination "CFalcons8 won by resignation"]

1. e4 c5 2. Nf3 d6 3. d4 cxd4 4. Nxd4 Nf6 5. Nc3 a6 6. f3 e5 7. Nb3 Be6 8. Be3 Be7 9. Qd2 O-O 10. O-O-O Nbd7 11. g4 b5 12. Rg1 Nb6 13. g5 Nh5 14. Na5 Nc4 15. Nxc4 bxc4 16. Nd5 Rc8 17. Nxe7+ Qxe7 18. Qxd6 Qb7 19. Qb6 Qe7 20. Qd6 Qb7 21. Qxe5 c3 22.
b3 Qb4 23. Qd6 Qa5 24. a4 Bxb3 25. cxb3 c2 26. Rd2 Qc3 27. Qd4 Qxb3 28. Qa1 Qxe3 29. Qd4 Qe1+ 0-1

[Event "Early-Titled-Tuesday-Blitz-December-26-2023"]
[Site "Chess.com"]
[Date "2023.12.26"]
[Round "2"]
[White "SahibSinghKnight"]
[Black "Chempiblinka"]
[Result "1-0"]
[WhiteElo "2685"]
[BlackElo "2253"]
[TimeControl "180+1"]
[EndTime "8:16:36 PST"]
[Termination "SahibSinghKnight won on time"]

1. e4 c5 2. Nf3 Nc6 3. d4 cxd4 4.
Nxd4 g6 5. c4 Nf6 6. Nc3 Nxd4 7.
Qxd4 d6 8. f3 Bg7 9. Be3 O-O 10.
Qd2 a5 11. O-O-O a4 12. Bh6 Bxh6 13. Qxh6 Qa5 14. a3 b5 15. cxb5 Be6 16. Kb1 Rfc8 17.
Qd2 Bb3 18. Rc1 Nd7 19. h4 Nc5 20. h5 g5 21. Qxg5+ Kh8 22. Qxe7 Be6 23. Qf6+ Kg8 24. h6 Kf8 25. Nd5 Bxd5 26. Qxd6+ Ke8 27. exd5 Nb3 28. Qe5+ Kf8 29. Re1 Rc1+ 30. Rxc1 Nxc1 31. d6 1-0

[Event "Early-Titled-Tuesday-Blitz-December-26-2023"]
[Site "Chess.com"]
[Date "2023.12.26"]
[Round "2"]
[White "GMWSO"]
[Black "SaqoChess_Twitch"]
[Result "1-0"]
[WhiteElo "3032"]
[BlackElo "2657"]
[TimeControl "180+1"]
[EndTime "8:16:38 PST"]
[Termination "GMWSO won by resignation"]

1. b3 d5 2. Bb2 e6 3. Nf3 Nf6 4.
e3 Be7 5. c4 c5 6. cxd5 exd5 7.
Bb5+ Bd7 8. Bxd7+ Qxd7 9. O-O O-O 10. d4 c4 11. Ne5 Qc7 12. bxc4 dxc4 13. Qa4 Rc8 14.
Rc1 Nbd7 15. Rxc4 Qb6 16. Ba3 Nxe5 17. dxe5 Rxc4 18. Qxc4 Bxa3 19. Nxa3 Qb2 20. Rb1 Qxe5 21. Rxb7 Rf8 22. Nc2 h5 23. h3 Ne4 24. Rb5 Qe7 25. Nd4 g6 26. Nc6 Qe8 27. Re5 Nd6 28. Rxe8 Nxc4 29.
Rxf8+ Kxf8 30. Nxa7 Ke7 31. Nb5 Ke6 32. Kf1 Kd5 33.
Ke2 Kc5 34. Nc3 Kb4 35. Ne4 Ka3 36. Kd3 Ne5+ 37. Kd4 Nd7 38. Nd6 f6 39. Kd5 Kxa2 40.
Ke6 Ne5 41. Kxf6 Nd3 42. Kxg6 h4 43. f4 Kb3 44. f5 Kc3 45. f6 Kd2 46. f7 Ne5+ 47. Kg5 Nxf7+ 48. Nxf7 Kxe3 49. Kxh4 Kf4 50. g4 Ke4 51. g5 Kf5 52. Kh5 Ke6 53. g6 Kf6 54. h4 Ke7 55. Kh6 Kf8 56. h5 Kg8 57. Ng5 Kh8 58. Nh7 Kg8 59. Nf6+ 1-0

[Event "Early-Titled-Tuesday-Blitz-December-26-2023"]
[Site "Chess.com"]
[Date "2023.12.26"]
[Round "2"]
[White "Macron20hTF1"]
[Black "Nitzan_Steinberg"]
[Result "0-1"]
[WhiteElo "2591"]
[BlackElo "2866"]
[TimeControl "180+1"]
[EndTime "8:16:39 PST"]
[Termination "Nitzan_Steinberg won on time"]

1. Nf3 d5 2. e3 Nf6 3. c4 c6 4.
Nc3 e6 5. b3 Nbd7 6. Bb2 Bd6 7.
Be2 a6 8. Qc2 e5 9. d4 e4 10. Nd2 h5 11. O-O-O b5 12. c5 Bc7 13. f3 exf3 14. gxf3 h4 15. Rdg1 O-O 16. f4 Re8 17. Nd1 Nf8 18. Bd3 a5 19. Kb1 a4 20.
b4 a3 21. Bc1 Ra4 22. Qc3 Bh3 23. Bc2 Qd7 24. Bxa4 bxa4 25. Bxa3 Bf5+ 26. Ka1 Ne4 27. Qc1 Nxd2 28. Qxd2 Be4 29. Nf2 Bxh1 30. Rxh1 Qf5 31. Rg1 Nd7 32. Rg5 Qe6 33. Ng4 Bd8 34. f5 Qe4 35. f6 Nxf6 36. Nh6+ Kf8 37. Nf5 Qf3 38. Qg2 Qxg2 39. Rxg2 g6 40. Nd6 Rxe3 41. Bc1 Re1 42. Kb2 h3 43. Rf2 Rg1 44. Bh6+ Kg8 45. Bg5 Rxg5 46.
b5 Rg2 0-1

[Event "Early-Titled-Tuesday-Blitz-December-26-2023"]
[Site "Chess.com"]
[Date "2023.12.26"]
[Round "2"]
[White "YurasovMat-2012"]
[Black "szefru"]
[Result "1-0"]
[WhiteElo "2525"]
[BlackElo "2263"]
[TimeControl "180+1"]
[EndTime "8:16:39 PST"]
[Termination "YurasovMat-2012 won by checkmate"]

1. e4 e5 2. Nf3 Nc6 3. Bc4 Nf6 4. d3 Be7 5. O-O O-O 6. h3 d6 7. a4 Be6 8. Nbd2 d5 9. exd5 Nxd5 10. Re1 Bf6 11. Ne4 Nf4 12. Bxf4 exf4 13. Bxe6 fxe6 14.
Nc5 Re8 15. c3 Qc8 16. Qb3 Nd8 17. d4 b6 18. Nd3 Nf7 19. Nxf4 Qd7 20. Rxe6 Kh8 21.
Rae1 Nd6 22. Rxe8+ Rxe8 23. Rxe8+ Qxe8 24. Ne6 Qd7 25. d5 g6 26. Qd1 c6 27. Nf4 Nf5 28. Qd3 c5 29. b3 Qd6 30. Ne6 Ne7 31. c4 Nc6 32.
Qe4 Na5 33. Qe3 a6 34. Nfg5 Kg8 35. Ne4 Qe5 36. Nxf6+ Qxf6 37. d6 Qa1+ 38. Kh2 Qd1 39. Qf4 h5 40. Qf8+ Kh7 41. Qg7# 1-0

[Event "Early-Titled-Tuesday-Blitz-December-26-2023"]
[Site "Chess.com"]
[Date "2023.12.26"]
[Round "2"]
[White "Practical-Play"]
[Black "Kaissa10"]
[Result "1-0"]
[WhiteElo "2478"]
[BlackElo "2117"]
[TimeControl "180+1"]
[EndTime "8:16:40 PST"]
[Termination "Practical-Play won on time"]

1. e4 c5 2. c3 Nf6 3. e5 Nd5 4. Bc4 e6 5. Nf3 d6 6. O-O Nc6 7. Qe2 Nb6 8. Bb5 Bd7 9. d4 cxd4 10.
cxd4 Be7 11. Nc3 O-O 12. Bd3 Nb4 13. Bb1 N4d5 14. Qe4 g6 15. Bh6 Re8 16. h4 Bc6 17.
Qg4 Bf8 18. Bg5 Be7 19. Ne4 h5 20. Qg3 Bb5 21. Re1 Nb4 22. Nf6+ Bxf6 23. Bxf6 Qd7 24. Bxg6 fxg6 25. Qxg6+ Kf8 26. Ng5 1-0

[Event "Early-Titled-Tuesday-Blitz-December-26-2023"]
[Site "Chess.com"]
[Date "2023.12.26"]
[Round "2"]
[White "thechesscorner64"]
[Black "maurovargas01"]
[Result "1-0"]
[WhiteElo "2433"]
[BlackElo "1878"]
[TimeControl "180+1"]
[EndTime "8:16:40 PST"]
[Termination "thechesscorner64 won on time"]

1. e4 c5 2. Nf3 d6 3. Nc3 g6 4.
Bc4 Bg7 5. d3 Nf6 6. h3 O-O 7. a4 Bd7 8. O-O a6 9. a5 Nc6 10. Ng5 Nxa5 11. Ba2 Nc6 12. f4 h6 13. Nf3 Kh7 14. Qe1 Nd4 15. Nxd4 cxd4 16. Ne2 e5 17. f5 Rc8 18. Bb3 Bc6 19. Qh4 d5 20. Ng3 dxe4 21. dxe4 d3 22. Be3 dxc2 23. Bxc2 Bb5 24. Rf2 Rxc2 25.
Rxc2 Qd3 26. Re2 Qxe3+ 27. Rxe3 g5 28. Qh5 Nxh5 29. Nxh5 Rd8 30. Rc1 Bf8 31. Rc7 Rd7 32. Nf6+ Kg7 33. Nxd7 Bxd7 34. Rxd7 Bc5 35. Kf2 h5 36.
Ke2 Bxe3 37. Kxe3 Kf6 38. g4 b5 39. Rd6+ Ke7 40. Rxa6 hxg4 41. hxg4 Kd7 42. Kd3 1-0

[Event "Early-Titled-Tuesday-Blitz-December-26-2023"]
[Site "Chess.com"]
[Date "2023.12.26"]
[Round "2"]
[White "Flameboard08"]
[Black "bubeliang"]
[Result "0-1"]
[WhiteElo "2556"]
[BlackElo "2785"]
[TimeControl "180+1"]
[EndTime "8:16:43 PST"]
[Termination "bubeliang won on time"]

1. f4 d5 2. Nf3 e6 3. d3 Nf6 4. g3 c5 5. Bg2 Nc6 6. O-O Be7 7. Nbd2 d4 8. e4 dxe3 9. Nc4 O-O 10. Bxe3 Ng4 11. Bd2 Bf6 12. h3 Nh6 13. g4 Be7 14. f5 exf5 15. Bxh6 gxh6 16. gxf5 Bxf5 17. Nfe5 Nxe5 18.
Rxf5 Qd4+ 19. Kh1 Nxc4 20. dxc4 Qxc4 21. Bxb7 Rad8 22. Qf3 Qxc2 23. Rg1+ Kh8 24. Qg3 Bg5 25. Rxg5 hxg5 26. Qxg5 Qg6 27. Qe5+ f6 28. Qxc5 Qh6 29. Bg2 Rg8 30. Qxa7 Rg7 31. Qc5 Rdg8 32. Qc6 Qf4 33. a4 Rc7 34. Qb6 Rc1 35. a5 Rc2 0-1

[Event "Early-Titled-Tuesday-Blitz-December-26-2023"]
[Site "Chess.com"]
[Date "2023.12.26"]
[Round "2"]
[White "LuisFSiles"]
[Black "Ergali_Suleimen"]
[Result "1-0"]
[WhiteElo "2284"]
[BlackElo "2475"]
[TimeControl "180+1"]
[EndTime "8:16:43 PST"]
[Termination "LuisFSiles won by resignation"]

1. e4 c5 2. Nf3 Nc6 3. d4 cxd4 4. Nxd4 e6 5. Nc3 Qc7 6. f4 a6 7. Be3 b5 8. a3 b4 9. axb4 Bxb4 10. Be2 Nf6 11. Bf3 d5 12. exd5 Nxd5 13. Bxd5 exd5 14.
O-O O-O 15. Nxd5 Qd6 16. Nxc6 Bc5 17. Bxc5 Qxc5+ 18. Qd4 Qxc2 19. Rac1 Qe2 20. Rc3 Be6 21. f5 Bxd5 22. Qxd5 Qxb2 23. Rg3 a5 24. f6 g6 25. Qg5 Qb6+ 26. Kh1 Qa6 27. Rg1 Kh8 28. Qh6 Rg8 29. Qxh7+ 1-0

[Event "Early-Titled-Tuesday-Blitz-December-26-2023"]
[Site "Chess.com"]
[Date "2023.12.26"]
[Round "2"]
[White "ChessRespected"]
[Black "seopie"]
[Result "0-1"]
[WhiteElo "2582"]
[BlackElo "2822"]
[TimeControl "180+1"]
[EndTime "8:16:44 PST"]
[Termination "seopie won on time"]

1. d4 Nf6 2. Nf3 g6 3. g3 Bg7 4. Bg2 b5 5. a4 b4 6. c4 bxc3 7. Nxc3 Bb7 8. O-O O-O 9. Re1 d6 10. e4 Nbd7 11. h3 Ne8 12. Bg5 h6 13. Be3 c5 14. Qd2 Kh7 15. d5 Nc7 16. a5 Na6 17. h4 Rb8 18. h5 g5 19. Ra4 Bc8 20. e5 Nxe5 21. Nxe5 Bxe5 22. f4 gxf4 23. Bxf4 Bg7 24.
Be4+ f5 25. Bb1 Rb4 26. g4 Rxa4 27. Nxa4 Bd7 28. Nc3 Rf6 29. Kh1 Kh8 30. g5 hxg5 31. Bxg5 Rf7 32. Ne2 Qb8 33. Nf4 Qxb2 34. Qxb2 Bxb2 35.
Bxe7 Be5 36. Ng6+ Kh7 37. Nxe5 Rxe7 38. Nf3 Rxe1+ 39. Nxe1 Kh6 40. Kg2 Kxh5 41. Kg3 Kg5 42. Nf3+ Kf6 43. Kf4 Nb4 0-1

[Event "Early-Titled-Tuesday-Blitz-December-26-2023"]
[Site "Chess.com"]
[Date "2023.12.26"]
[Round "2"]
[White "Witik"]
[Black "krucki03"]
[Result "1-0"]
[WhiteElo "2731"]
[BlackElo "2514"]
[TimeControl "180+1"]
[EndTime "8:16:46 PST"]
[Termination "Witik won by resignation"]

1. d4 Nf6 2. c4 e6 3. g3 d5 4. Nf3 c6 5. Bg2 Be7 6. O-O O-O 7. Nc3 a5 8. Nd2 b5 9. cxb5 cxb5 10. Nxb5 Qb6 11. a4 Nc6 12. e4 Ba6 13. e5 Ne8 14.
Nf3 Na7 15. Re1 Nxb5 16. axb5 Bxb5 17. h4 Nc7 18. Bg5 Bxg5 19. Nxg5 h6 20. Nh3 Na6 21. Qg4 Nb4 22. Red1 Bd3 23. Nf4 Bf5 24. Qe2 Nc2 25. Rac1 Rfc8 26. g4 Bh7 27. g5 hxg5 28. hxg5 Bf5 29.
Bh3 Be4 30. g6 Nxd4 31. gxf7+ Kf8 32. Rxc8+ Rxc8 33. Rxd4 Rc1+ 34. Rd1 Rxd1+ 35. Qxd1 Qxb2 36. Nxe6+ Kxf7 37. Qh5+ Ke7 38. Qg5+ Kd7 39. Qxg7+ Kc6 40. Qc7+ Kb5 41. Qb7+ Ka4 42. Qxb2 1-0